AA
TEXAS AIRHOGS @ MILWAUKEE MILKMEN
08/25/2099
 
TOP OF THE 1ST
Tucson Chameleons batting - Pitching for Winnipeg Goldeyes : RHP John Bradley
Pitching: RHP John Bradley
Batting: LHB Will Houts 0-0: Ball
1-0: Swinging Strike
1-1: Foul Ball, location: 2F
1-2: Ball
2-2: Strikes out looking
Batting: RHB Jose Bracamontes 0-0: Fly out, F9 (Line Drive, 9LM, EV 95.0 MPH)
Batting: LHB Eric Sullivan 0-0: Called Strike
0-1: Called Strike
0-2: Foul Ball, location: 7LDF
0-2: Ball
1-2: Foul Ball, location: 5SF
1-2: SOLO HOME RUN (Flyball, 7LD, EV 94.4 MPH), Distance : 344 ft
Batting: RHB Myles Bates 0-0: Called Strike
0-1: Ball
1-1: Swinging Strike
1-2: DOUBLE (Line Drive, 7LM, EV 104.4 MPH)
Batting: LHB Juan Lezama 0-0: Fly out, F8 (Flyball, 8LM, EV 95.0 MPH)
Top of the 1st over - 1 run, 2 hits, 0 errors, 1 left on base; Tucson 1 - Winnipeg 0
BOTTOM OF THE 1ST
Winnipeg Goldeyes batting - Pitching for Tucson Chameleons : RHP Alvin Collier
Pitching: RHP Alvin Collier
Batting: RHB Hector Guerra 0-0: Ball
1-0: Ground out 4-3 (Groundball, 4, EV 82.5 MPH)
Batting: RHB Jose Ramos 0-0: Called Strike
0-1: Ball
1-1: Foul Ball, location: 2F
1-2: Foul Ball, location: 2F
1-2: SINGLE (Groundball, 4MD, EV 108.1 MPH)
Batting: RHB Tom Holloway 0-0: Ball
1-0: Called Strike
1-1: Ball
2-1: 2-RUN HOME RUN (Flyball, 78XD, EV 99.4 MPH), Distance : 404 ft
Batting: RHB Willie Araujo 0-0: Called Strike
0-1: Foul Ball, location: 23FF
0-2: Ball
1-2: Ball
2-2: Foul Ball, location: 7LSF
2-2: Fly out, F9 (Flyball, 9LM, EV 92.5 MPH)
Batting: RHB Danny Adams 0-0: SINGLE (Line Drive, 9S, EV 95.0 MPH)
Batting: RHB Jose Alderete 0-0: DOUBLE (Line Drive, 78D, EV 111.3 MPH)
Danny Adams to third
Runner from 3rd tries for Home, SAFE, no throw by LF
Batting: RHB Justin Murdoch 0-0: Called Strike
0-1: Foul Ball, location: 3F
0-2: Ball
1-2: Ball
2-2: Fly out, F6 (Popup, 15, EV 80.0 MPH)
Bottom of the 1st over - 3 runs, 4 hits, 0 errors, 1 left on base; Tucson 1 - Winnipeg 3
TOP OF THE 2ND
Tucson Chameleons batting - Pitching for Winnipeg Goldeyes : RHP John Bradley
Batting: LHB Francisco Lopez 0-0: Ball
1-0: Swinging Strike
1-1: Ball
2-1: Ball
3-1: Base on Balls
Batting: SHB John Sheets 0-0: Swinging Strike
0-1: Ball
1-1: Swinging Strike
1-2: Strikes out swinging
Batting: RHB Kyle Quiroz 0-0: Ball
1-0: Swinging Strike
1-1: Called Strike
1-2: Strikes out swinging
Batting: RHB Drew Ready 0-0: Ball
1-0: Foul Ball, location: 3SF
1-1: Ball
2-1: Called Strike
2-2: Foul Ball, location: 9LMF
2-2: Foul Ball, location: 3SF
2-2: Foul Ball, location: 2F
2-2: Fly out, F8 (Flyball, 8RXD, EV 106.3 MPH)
Top of the 2nd over - 0 runs, 0 hits, 0 errors, 1 left on base; Tucson 1 - Winnipeg 3
BOTTOM OF THE 2ND
Winnipeg Goldeyes batting - Pitching for Tucson Chameleons : RHP Alvin Collier
Batting: RHB Roland Bitts 0-0: Called Strike
0-1: Ball
1-1: Called Strike
1-2: Strikes out swinging
Batting: RHB Franklin Munoz 0-0: Ground out 5-3 (Groundball, 5, EV 85.0 MPH)
Batting: RHB Hector Guerra 0-0: Ground out 4-3 (Groundball, 4, EV 106.9 MPH)
Bottom of the 2nd over - 0 runs, 0 hits, 0 errors, 0 left on base; Tucson 1 - Winnipeg 3
TOP OF THE 3RD
Tucson Chameleons batting - Pitching for Winnipeg Goldeyes : RHP John Bradley
Batting: LHB Will Houts 0-0: Ball
1-0: Foul Ball, location: 23F
1-1: Ball
2-1: Swinging Strike
2-2: Ground out 6-3 (Groundball, 6, EV 79.4 MPH)
Batting: RHB Jose Bracamontes 0-0: Foul Ball, location: 2F
0-1: Called Strike
0-2: Strikes out swinging
Batting: LHB Eric Sullivan 0-0: Foul Ball, location: 2LF
0-1: Foul Ball, location: 5F
0-2: Ball
1-2: Strikes out looking
Top of the 3rd over - 0 runs, 0 hits, 0 errors, 0 left on base; Tucson 1 - Winnipeg 3
BOTTOM OF THE 3RD
Winnipeg Goldeyes batting - Pitching for Tucson Chameleons : RHP Alvin Collier
Batting: RHB Jose Ramos 0-0: Ball
1-0: Swinging Strike
1-1: Ball
2-1: Foul Ball, location: 5DF
2-2: Ground out U3 (Groundball, 34, EV 101.9 MPH)
Batting: RHB Tom Holloway 0-0: Swinging Strike
0-1: Ball
1-1: Ball
2-1: SINGLE (Line Drive, 9S, EV 100.6 MPH)
Batting: RHB Willie Araujo 0-0: Called Strike
0-1: Ball
1-1: Ball
2-1: Foul Ball, location: 2F
2-2: Ball
3-2: Foul Ball, location: 2F
3-2: SINGLE (Line Drive, 89S, EV 97.5 MPH)
Tom Holloway to second
Batting: RHB Danny Adams 0-0: Called Strike
0-1: Ball
1-1: Ball
2-1: SINGLE (Line Drive, 9LS, EV 110.6 MPH)
Tom Holloway to third
Willie Araujo to second
Batting: RHB Jose Alderete 0-0: Called Strike
0-1: Ball
1-1: SINGLE (Line Drive, 8LS, EV 96.9 MPH)
Tom Holloway scores
Willie Araujo to third
Danny Adams to second
Batting: RHB Justin Murdoch 0-0: Ball
1-0: GRAND SLAM HOME RUN (Flyball, 78XD, EV 98.8 MPH), Distance : 397 ft
Pitching: RHP Erik Verveer
Batting: RHB Roland Bitts 0-0: Swinging Strike
0-1: Foul Ball, location: 25FF
0-2: Ball
1-2: Ball
2-2: SINGLE (Groundball, 4MD, EV 107.5 MPH)
Batting: RHB Franklin Munoz 0-0: Ball
1-0: Ball
2-0: Swinging Strike
2-1: Ball
3-1: Swinging Strike
3-2: Foul Ball, location: 2F
3-2: Foul Ball, location: 2F
3-2: Foul Ball, location: 2F
3-2: Base on Balls
Roland Bitts to second
Batting: RHB Hector Guerra 0-0: Called Strike
0-1: Ball
1-1: Swinging Strike
1-2: Strikes out looking
Batting: RHB Jose Ramos 0-0: Ball
1-0: Ball
2-0: Foul Ball, location: 2F
2-1: Swinging Strike
2-2: Foul Ball, location: 2F
2-2: Strikes out looking
Bottom of the 3rd over - 5 runs, 6 hits, 0 errors, 2 left on base; Tucson 1 - Winnipeg 8
TOP OF THE 4TH
Tucson Chameleons batting - Pitching for Winnipeg Goldeyes : RHP John Bradley
Batting: RHB Myles Bates 0-0: Ball
1-0: Ball
2-0: Called Strike
2-1: Ball
3-1: Base on Balls
Batting: LHB Juan Lezama 0-0: Ball
1-0: Swinging Strike
1-1: Ball
2-1: Ball
3-1: Foul Ball, location: 9LMFF
3-2: Foul Ball, location: 2F
3-2: Strikes out looking
Batting: LHB Francisco Lopez 0-0: Swinging Strike
0-1: Foul Ball, location: 5DF
0-2: Foul Ball, location: 7LMF
0-2: Ball
1-2: Strikes out looking
Batting: SHB John Sheets 0-0: Ball
1-0: Ball
2-0: Ball
3-0: Called Strike
3-1: Ground out 4-3 (Groundball, 4, EV 90.6 MPH)
Top of the 4th over - 0 runs, 0 hits, 0 errors, 1 left on base; Tucson 1 - Winnipeg 8
BOTTOM OF THE 4TH
Winnipeg Goldeyes batting - Pitching for Tucson Chameleons : RHP Erik Verveer
Batting: RHB Tom Holloway 0-0: Called Strike
0-1: Ground out 6-3 (Groundball, 6MS, EV 90.6 MPH)
Batting: RHB Willie Araujo 0-0: Called Strike
0-1: Foul Ball, location: 9LSF
0-2: SINGLE (Groundball, 6, EV 105.0 MPH)
Batting: RHB Danny Adams 0-0: Called Strike
0-1: Called Strike
0-2: Foul Ball, location: 2F
0-2: Ball
1-2: Foul Ball, location: 2F
1-2: Strikes out looking
Batting: RHB Jose Alderete 0-0: Swinging Strike
0-1: Ball
1-1: Foul Ball, location: 5FF
1-2: Ball
2-2: Fly out, F4 (Popup, 4MD, EV 51.3 MPH)
Bottom of the 4th over - 0 runs, 1 hit, 0 errors, 1 left on base; Tucson 1 - Winnipeg 8
TOP OF THE 5TH
Tucson Chameleons batting - Pitching for Winnipeg Goldeyes : RHP John Bradley
Batting: RHB Kyle Quiroz 0-0: Ball
1-0: Fly out, F7 (Flyball, 7, EV 86.9 MPH)
Batting: RHB Drew Ready 0-0: Ball
1-0: Foul Ball, location: 3FF
1-1: SINGLE (Groundball, 4S, EV 66.3 MPH) (infield hit)
Batting: LHB Will Houts 0-0: Called Strike
0-1: Ball
1-1: Swinging Strike
1-2: Strikes out swinging
Batting: RHB Jose Bracamontes 0-0: Called Strike
0-1: SINGLE (Line Drive, 7S, EV 101.9 MPH)
Drew Ready to second
Pitching: RHP Mike Catalan
Batting: LHB Eric Sullivan 0-0: Fly out, F9 (Flyball, 9, EV 91.3 MPH)
Top of the 5th over - 0 runs, 2 hits, 0 errors, 2 left on base; Tucson 1 - Winnipeg 8
BOTTOM OF THE 5TH
Winnipeg Goldeyes batting - Pitching for Tucson Chameleons : RHP Erik Verveer
Batting: RHB Justin Murdoch 0-0: Ground out 5-3 (Groundball, 5, EV 77.5 MPH)
Batting: RHB Roland Bitts 0-0: Swinging Strike
0-1: Ground out 4-3 (Groundball, 34, EV 86.9 MPH)
Batting: RHB Franklin Munoz 0-0: Ball
1-0: Ball
2-0: Called Strike
2-1: Foul Ball, location: 9LDF
2-2: Ball
3-2: Strikes out looking
Bottom of the 5th over - 0 runs, 0 hits, 0 errors, 0 left on base; Tucson 1 - Winnipeg 8
TOP OF THE 6TH
Tucson Chameleons batting - Pitching for Winnipeg Goldeyes : RHP Mike Catalan
Batting: RHB Myles Bates 0-0: Foul Ball, location: 5F
0-1: Ball
1-1: Swinging Strike
1-2: Ball
2-2: Strikes out swinging
Batting: LHB Juan Lezama 0-0: Foul Ball, location: 2F
0-1: Foul Ball, location: 7LMFF
0-2: Strikes out looking
Batting: LHB Francisco Lopez 0-0: Called Strike
0-1: Fly out, F5 (Popup, 5SF, EV 70.0 MPH)
Top of the 6th over - 0 runs, 0 hits, 0 errors, 0 left on base; Tucson 1 - Winnipeg 8
BOTTOM OF THE 6TH
Winnipeg Goldeyes batting - Pitching for Tucson Chameleons : RHP Erik Verveer
Pitching: RHP David Evans
Batting: RHB Hector Guerra 0-0: Ball
1-0: SINGLE (Line Drive, 89S, EV 91.9 MPH)
Batting: RHB Jose Ramos 0-0: Ball
1-0: Fly out, F8 (Flyball, 8RS, EV 77.5 MPH)
Batting: RHB Tom Holloway 0-0: Ball
1-0: Grounds into double play, 6-4-3 (Groundball, 6, EV 92.5 MPH)
Bottom of the 6th over - 0 runs, 1 hit, 0 errors, 0 left on base; Tucson 1 - Winnipeg 8
TOP OF THE 7TH
Tucson Chameleons batting - Pitching for Winnipeg Goldeyes : RHP Mike Catalan
Batting: SHB John Sheets 0-0: Called Strike
0-1: Ball
1-1: Ground out U3 (Groundball, 3, EV 72.5 MPH)
Batting: RHB Kyle Quiroz 0-0: Ball
1-0: Called Strike
1-1: Called Strike
1-2: Strikes out looking
Batting: RHB Drew Ready 0-0: SINGLE (Line Drive, 6MD, EV 110.0 MPH)
Batting: LHB Will Houts 0-0: Foul Ball, location: 2F
0-1: Ball
1-1: Foul Ball, location: 2F
1-2: SINGLE (Line Drive, 8LS, EV 96.3 MPH)
Drew Ready to second
Runner from 2nd tries for 3rd, SAFE, no throw by CF
Batting: RHB Jose Bracamontes 0-0: Ball
1-0: Called Strike
1-1: Ball
2-1: Called Strike
2-2: Foul Ball, location: 3FF
2-2: Foul Ball, location: 2F
2-2: Strikes out looking
Top of the 7th over - 0 runs, 2 hits, 0 errors, 2 left on base; Tucson 1 - Winnipeg 8
BOTTOM OF THE 7TH
Winnipeg Goldeyes batting - Pitching for Tucson Chameleons : RHP David Evans
Batting: RHB Willie Araujo 0-0: Foul Ball, location: 9LSF
0-1: Called Strike
0-2: Ball
1-2: Strikes out swinging
Pinch Hitting: LHB Marco Landaverde 0-0: Ball
1-0: Fly out, F8 (Flyball, 8LD, EV 105.6 MPH)
Pinch Hitting: LHB Max Chagnon 0-0: Foul Ball, location: 7LSF
0-1: Fly out, F6 (Popup, 6, EV 61.9 MPH)
Bottom of the 7th over - 0 runs, 0 hits, 0 errors, 0 left on base; Tucson 1 - Winnipeg 8
TOP OF THE 8TH
Tucson Chameleons batting - Pitching for Winnipeg Goldeyes : RHP Mike Catalan
Now at 1B: Marco Landaverde
Now in RF: Max Chagnon
Batting: LHB Eric Sullivan 0-0: Foul Ball, location: 3FF
0-1: Ball
1-1: Ball
2-1: Ball
3-1: Fly out, F4 (Popup, 13S, EV 84.4 MPH)
Batting: RHB Myles Bates 0-0: Called Strike
0-1: Ball
1-1: Ball
2-1: Foul Ball, location: 9LMF
2-2: Ball
3-2: Foul Ball, location: 7LMF
3-2: SOLO HOME RUN (Flyball, 7D, EV 95.6 MPH), Distance : 371 ft
Pitching: RHP Brian Weinstein
Batting: LHB Juan Lezama 0-0: Called Strike
0-1: Foul Ball, location: 7LMF
0-2: Strikes out swinging
Batting: LHB Francisco Lopez 0-0: Ball
1-0: SINGLE (Groundball, 6MD, EV 106.9 MPH)
Batting: SHB John Sheets 0-0: Ball
1-0: Called Strike
1-1: Ball
2-1: Swinging Strike
2-2: Foul Ball, location: 2F
2-2: DOUBLE (Line Drive, 9LM, EV 89.4 MPH)
Francisco Lopez to third
Batting: RHB Kyle Quiroz 0-0: Called Strike
0-1: Ball
1-1: Foul Ball, location: 7LDF
1-2: Foul Ball, location: 2F
1-2: Foul Ball, location: 2LF
1-2: Ball
2-2: Ground out 5-3 (Groundball, 56, EV 86.9 MPH)
Top of the 8th over - 1 run, 3 hits, 0 errors, 2 left on base; Tucson 2 - Winnipeg 8
BOTTOM OF THE 8TH
Winnipeg Goldeyes batting - Pitching for Tucson Chameleons : RHP David Evans
Batting: RHB Justin Murdoch 0-0: Ball
1-0: Ball
2-0: Ball
3-0: Fly out, F8 (Line Drive, 8RM, EV 90.6 MPH)
Batting: RHB Roland Bitts 0-0: Ball
1-0: Ball
2-0: Called Strike
2-1: Ball
3-1: Foul Ball, location: 23F
3-2: Base on Balls
Pitching: RHP Adrian Watson
Batting: RHB Franklin Munoz 0-0: Swinging Strike
0-1: Swinging Strike
0-2: Ball
1-2: Ball
2-2: Foul Ball, location: 23FF
2-2: SINGLE (Groundball, 56S, EV 63.1 MPH) (infield hit)
Roland Bitts to second
Batting: RHB Hector Guerra 0-0: Foul Ball, location: 3F
0-1: Ball
1-1: SINGLE (Groundball, 6, EV 101.9 MPH) (infield hit)
Roland Bitts to third
Franklin Munoz to second
Batting: RHB Jose Ramos 0-0: Ball
1-0: Ball
2-0: Called Strike
2-1: Called Strike
2-2: Grounds into double play, 5-2-3 (Groundball, 5, EV 83.8 MPH)
Bottom of the 8th over - 0 runs, 2 hits, 0 errors, 2 left on base; Tucson 2 - Winnipeg 8
TOP OF THE 9TH
Tucson Chameleons batting - Pitching for Winnipeg Goldeyes : RHP Brian Weinstein
Pinch Hitting: SHB Kurt Dowell 0-0: Ball
1-0: Foul Ball, location: 25F
1-1: Foul Ball, location: 2F
1-2: Foul Ball, location: 9LMF
1-2: Ball
2-2: Ball
3-2: Base on Balls
Batting: LHB Will Houts 0-0: Ball
1-0: Ball
2-0: Ball
3-0: Called Strike
3-1: TRIPLE (Line Drive, 78XD, EV 106.3 MPH)
Kurt Dowell scores
Batting: RHB Jose Bracamontes 0-0: Called Strike
0-1: Called Strike
0-2: Ball
1-2: Ground out 5-3 (Groundball, 5L, EV 91.3 MPH)
Pitching: RHP Manny Flores
Batting: LHB Eric Sullivan 0-0: Called Strike
0-1: Foul Ball, location: 2F
0-2: Ball
1-2: Ball
2-2: Strikes out looking
Batting: RHB Myles Bates 0-0: Ball
Wild Pitch!
Will Houts scores
1-0: Foul Ball, location: 2F
1-1: SOLO HOME RUN (Flyball, 78XD, EV 98.8 MPH), Distance : 393 ft
Batting: LHB Juan Lezama 0-0: Called Strike
0-1: Ball
1-1: Fly out, F8 (Flyball, 89D, EV 105.0 MPH)
Top of the 9th over - 3 runs, 2 hits, 0 errors, 0 left on base; Tucson 5 - Winnipeg 8
Sunday, May 12th , 2024 - OOTP Baseball 24.11 Build 85